 Dungeon Crawl Stone Soup version 0.17.0-28-g6e173f8 (webtiles) character file.

172 PossumBlood the Shield-Bearer (level 5, -2/41 HPs)
             Began as a Human Fighter on Nov 27, 2015.
             Killed by divine providence
             ... invoked by an orc priest
              (15 damage)
             ... on level 3 of the Dungeon.
             The game lasted 00:09:05 (2654 turns).

PossumBlood the Shield-Bearer (Human Fighter)       Turns: 2654, Time: 00:09:05

Health: -2/41      AC: 11    Str: 16    XL:     5   Next: 82%
Magic:  5/5        EV:  8    Int:  9    God:
Gold:   181        SH: 10    Dex: 13    Spells: 0 memorised, 4 levels left

rFire  . . .     SeeInvis .     a - +1 long sword
rCold  . . .     Clarity  .     b - +0 scale mail
rNeg   . . .     SustAt   .     c - +1 shield
rPois  +         Gourm    .     (no helmet)
rElec  .         Spirit   .     u - +2 cloak {rPois}
rCorr  .         Warding  .     (no gloves)
rMut   .         Stasis   .     p - +0 pair of boots
MR     .....                    (no amulet)
Stlth  +.........               (no ring)
                                s - ring of stealth

@: drained, not resistant to hostile enchantments, very unstealthy
A: no striking features
a: no special abilities


You were on level 3 of the Dungeon.
You were not hungry.

You visited 1 branch of the dungeon, and saw 3 of its levels.

You collected 181 gold pieces.

Inventory:

Hand Weapons
 a - a +1 long sword (weapon)
Missiles
 t - 3 tomahawks (quivered)
Armour
 b - a +0 scale mail (worn)
 c - a +1 shield (worn)
 p - a +0 pair of boots (worn)
 u - a +2 cloak of poison resistance (worn)
Jewellery
 g - an uncursed amulet of warding {unknown}
 j - an uncursed ring of positive energy {unknown}
 s - a ring of stealth (left hand)
Wands
 d - a wand of frost (9)
 i - a wand of frost (24)
Scrolls
 r - a scroll of enchant armour
Potions
 f - a potion of heal wounds {unknown}
 k - 2 potions of flight {unknown}
 l - a potion of haste {unknown}
 m - 2 potions of curing {unknown}
 o - a potion of degeneration {unknown}
 q - a potion of lignification {unknown}
 v - a potion of agility {unknown}
Comestibles
 e - a bread ration
 h - 2 slices of pizza
 n - 3 meat rations


   Skills:
 + Level 3.4(3.3) Fighting
 + Level 2.8(2.7) Long Blades
 + Level 3.8(3.7) Armour
 + Level 2.1(1.9) Dodging
 + Level 4.0(3.8) Shields


You had 4 spell levels left.
You didn't know any spells.

Dungeon Overview and Level Annotations

Branches:
Dungeon (3/15)

Altars:
Kikubaaqudgha


Message History

The orc priest is heavily wounded.
The orc priest hits you with a flail.
You completely miss the orc priest.
The orc priest is heavily wounded.
The orc priest calls down the wrath of Beogh upon you.
You barely resist.
The orc priest invokes the aid of Beogh against you.
Pain shoots through your body!
You closely miss the orc priest.
The orc priest is heavily wounded.
The orc priest calls down the wrath of Beogh upon you.
Pain shoots through your body!
You barely miss the orc priest.
The orc priest is heavily wounded.
You block the orc priest's attack.
You closely miss the orc priest.
The orc priest is heavily wounded.
The orc priest calls down the wrath of Beogh upon you.
Something smites you!
You die...

#.......#
**#####.##.##
####.####
*,,,,,#...... #..#
*,,,,,#..#.## ##.#
*,,,,,...#.## #.#
*,,,,,##.#... #.#
*,,,,,**.#.#. #.#
********.#,#.
#.####### *,,,..
#.@oooo.# ****#.
#.#####.#********,,
#.#****,,<,,,,,***,
#..,,**,,*****,* **
#.#*,**,,*****,****
#.#*,**,,**,,,,,,,,
#..,,<,,,,,,**,**,,
##******,,,,,,,**,*
**********,*


You could see an orc priest and 3 orcs.

Vanquished Creatures
  Crazy Yiuf (D:2)
  Ijyb (D:2)
  Jessica (D:2)
  2 adders
  A worm (D:2)
  A giant gecko (D:2)
  5 orcs (D:3)
  6 bats
  5 goblins
  5 hobgoblins
  12 jackals
  A ball python (D:1)
  3 giant cockroaches
  6 giant newts
  7 kobolds
  7 rats
64 creatures vanquished.

Notes
Turn   | Place    | Note
--------------------------------------------------------------
     0 | D:1      | PossumBlood the Human Fighter began the quest for the Orb.
     0 | D:1      | Reached XP level 1. HP: 18/18 MP: 1/1
   207 | D:1      | Reached XP level 2. HP: 24/24 MP: 2/2
   704 | D:2      | Reached XP level 3. HP: 29/29 MP: 3/3
   983 | D:2      | Reached skill level 1 in Dodging
  1005 | D:2      | Found an ancient bone altar of Kikubaaqudgha.
  1070 | D:2      | Reached XP level 4. HP: 31/35 MP: 4/4
  1077 | D:2      | Noticed Jessica
  1083 | D:2      | Killed Jessica
  1161 | D:2      | Noticed Ijyb
  1178 | D:2      | Killed Ijyb
  1178 | D:2      | Reached XP level 5. HP: 14/41 MP: 5/5
  1939 | D:2      | Noticed Crazy Yiuf
  2038 | D:2      | Paralysed by Crazy Yiuf for 7 turns
  2045 | D:2      | Killed Crazy Yiuf
  2045 | D:2      | Reached skill level 4 in Shields
  2654 | D:3      | Killed from afar by an orc priest

Action                   |  1- 3 |  4- 6 || total
-------------------------+-------+-------++-------
Melee: Long sword        |   106 |   116 ||   222
  Use: Scroll            |     4 |     4 ||     8
       Potion            |       |     1 ||     1
 Stab: Sleeping          |       |     1 ||     1
  Eat: Fruit             |     5 |     4 ||     9
